 Dungeon Crawl Stone Soup version 0.31.0-11-ge490571c62 (webtiles) character file.

Game seed: 15740208704546552500

905 qw the Skirmisher (level 7, 0/40 HPs)
             Began as a Deep Elf Hunter on Feb 3, 2024.
             Was a Follower of Okawaru.
             Incinerated by a bombardier beetle (4 damage)
             ... with a burning spray
             ... on level 5 of the Dungeon.
             The game lasted 00:00:20 (3980 turns).

qw the Skirmisher (Deep Elf Hunter)                 Turns: 3980, Time: 00:00:21

Health: 0/40       AC:  7    Str:  9    XL:     7   Next: 80%
Magic:  11/11      EV: 16    Int: 18    God:    Okawaru [*.....]
Gold:   779        SH:  0    Dex: 17    Spells: 6/6 levels left

rFire   . . .        a - +2 shortbow (heavy)
rCold   . . .        (shield currently unavailable)
rNeg    . . .        e - +0 ring mail
rPois   .            (no helmet)
rElec   .            (no cloak)
rCorr   .            m - +1 pair of gloves
SInv    .            (no boots)
Will    .....        (no amulet)
Stlth   +            r - +5 ring of evasion
HPRegen 0.26/turn    (no ring)
MPRegen 0.12/turn

%: no passive effects
@: on fire, glowing
A: clever 1
a: Renounce Religion, Heroism


You were on level 5 of the Dungeon.
You worshipped Okawaru.
Okawaru was aware of your devotion.
You visited 2 branches of the dungeon, and saw 6 of its levels.
You also visited: Ossuary.

You collected 798 gold pieces.
You spent 19 gold pieces at shops.


Innate Abilities, Weirdness & Mutations

Your mind is acute. (Int +4, Str/Dex -1)


   Skills:
 - Level 2.1 Fighting
 + Level 10.9 Ranged Weapons
 - Level 2.2 Armour
 - Level 3.0 Dodging
 - Level 1.2 Stealth
 + Level 3.2 Invocations


You had 6 spell levels left.
You didn't know any spells.
Your spell library was empty.

Inventory:

Hand Weapons
 a - a +2 heavy shortbow (weapon)
Armour
 e - a +0 ring mail (worn)
 m - a +1 pair of gloves (worn)
Jewellery
 d - a ring of ice
 r - a +5 ring of evasion (left hand)
Wands
 o - a wand of mindburst (13)
Potions
 f - 4 potions of haste
 g - 2 potions of might
 h - a potion of heal wounds
 k - 2 potions of magic
 n - 3 potions of curing
 p - a potion of enlightenment
 s - a potion of cancellation
 t - a potion of mutation

Dungeon Overview and Level Annotations

Branches:
Dungeon (5/15)             Temple (1/1) D:4         Ossuary (visited)

Altars:
Ashenzari
Elyvilon
Fedhas
Hepliaklqana
Makhleb
Nemelex Xobeh
Okawaru
Qazlal
Uskayaw
Vehumet
Wu Jian
Xom
Yredelemnul

Shops:
D:1 [*:   D:2 ([=(   D:3 (   D:4 :

Annotations:
D:5 exclusion: moth of wrath


Message History

3908 ||| PLANNING SEWER You now have 779 gold pieces (gained 19).
You hear the drain falling apart.
3928 ||| RIP SEWER The walls and floor vibrate strangely for a moment.
A bombardier beetle comes into view.
The bombardier beetle moves out of view.
3968 ||| PLANNING D:1-11 A bombardier beetle is nearby!
You shoot an arrow.
The arrow hits the bombardier beetle but does no damage.
The bombardier beetle sprays incendiary fluid at you.
The burning spray misses you.
You shoot an arrow. The arrow hits the bombardier beetle.
The bombardier beetle is lightly wounded.
The bombardier beetle sprays incendiary fluid at you.
The burning spray hits you.
You are covered in liquid fire!
You shoot an arrow. The arrow hits the bombardier beetle!
The bombardier beetle is severely wounded.
The liquid fire burns you!
You shoot an arrow. The arrow hits the bombardier beetle!
You kill the bombardier beetle!
Okawaru accepts your kill. The liquid fire burns you!
You are on fire!
The liquid fire burns you!
You are on fire!
The liquid fire burns you!
You are on fire!
The liquid fire burns you!
You are on fire!
The liquid fire burns you!
You are on fire!
The liquid fire burns you!
You are on fire!
The liquid fire burns you!
You are on fire!
The liquid fire burns you!
You die...

...#........######....
##. ##..#..............
... #..#..#......#....
#.. ##...##.......#...
##.# #..####..####.... .
...##..# #.[#####.#. ...
.....# ##..........
.....##..## #.....##....
.....%.@..####..........
#...#..#....#...........
. #..##....#.....#....
.... ##..............
..... #...#.####.##...
#.........##.#.........
......#...#.......##..##
.........##......##...#.
.....##.........###


There were no monsters in sight!

Vanquished Creatures
  3 yaks (D:5)
  A howler monkey (D:4)
  3 bombardier beetles (D:5)
  2 iguanas
  8 mummies (Ossuary)
  A gnoll (D:4)
  4 adders
  A white imp (D:5)
  3 dart slugs (D:4)
  4 ribbon worms
  6 orcs
  12 ball pythons
  4 bats
  7 endoplasms
  5 giant cockroaches
  2 gnoll zombies (Ossuary)
  9 goblins
  7 hobgoblins
  6 jackals
  5 quokkas
  4 frilled lizards
  A jackal zombie (D:5)
  8 kobolds
  3 kobold zombies (Ossuary)
  3 orc zombies (Ossuary)
  7 rats
119 creatures vanquished.

Notes
Turn   | Place    | Note
-------+----------+-------------------------------------------
     0 | D:1      | qw the Deep Elf Hunter began the quest for the Orb.
     0 | D:1      | Reached XP level 1. HP: 12/12 MP: 3/3
     0 | D:1      | 0 ||| qw: Version: 0.3-a-157-g843a77d
     0 | D:1      | 0 ||| qw: Game counter: 3593
     0 | D:1      | 0 ||| qw: Melee chars always use a shield: true
     0 | D:1      | 0 ||| qw: God list: Okawaru
     0 | D:1      | 0 ||| qw: Allow faded altars: false
     0 | D:1      | 0 ||| qw: Do Orc after clearing Dungeon:15 true
     0 | D:1      | 0 ||| qw: Do second Lair branch before Depths: true
     0 | D:1      | 0 ||| qw: Lair rune preference: random
     0 | D:1      | 0 ||| qw: Goals: Normal
     0 | D:1      | 0 ||| PLANNING D:1-11
   147 | D:1      | Reached XP level 2. HP: 16/16 MP: 4/4
   152 | D:1      | Reached skill level 6 in Ranged Weapons
   196 | D:1      | Found Nizut's Book Shop.
   315 | D:1      | Found Feshas's Armour Shop.
   319 | D:1      | 319 ||| SHOPLISTING +0 pair of gloves (49 gold, have 19).
   319 | D:1      | 319 ||| SHOPLISTING +0 ring mail (44 gold, have 19).
   319 | D:1      | 319 ||| SHOPLISTING +2 pair of boots of Vehumet's Scorn
                  | {rElec rPois Int-5} (244 gold, have 19).
   337 | D:1      | Found Muatz's Assorted Antiques.
   342 | D:1      | 342 ||| BUYING coppery potion (19 gold).
   342 | D:1      | Bought a coppery potion for 19 gold pieces
   342 | D:1      | 342 ||| SHOPLISTING glowing sapphire potion (19 gold, have
                  | 0).
   342 | D:1      | 342 ||| SHOPLISTING scroll labelled OGEJUU UGRO (22 gold,
                  | have 0).
   342 | D:1      | 342 ||| SHOPLISTING scroll labelled OPLELE ATATI (22 gold,
                  | have 0).
   342 | D:1      | 342 ||| SHOPLISTING scroll labelled QACWYE URYODWAJUSS (22
                  | gold, have 0).
   342 | D:1      | 342 ||| SHOPLISTING scroll labelled XEFISOUSIDD (22 gold,
                  | have 0).
   419 | D:1      | Found a faded altar of an unknown god.
   683 | D:1      | 683 ||| DROPPING scroll of butterflies.
   751 | D:2      | Found Koguibru's Weapon Shop.
   755 | D:2      | 755 ||| SHOPLISTING +2 orcbow of flaming (237 gold, have
                  | 18).
   755 | D:2      | 755 ||| SHOPLISTING +4 sling of electrocution (334 gold,
                  | have 18).
   821 | D:2      | Found Plog's Jewellery Shop.
   834 | D:2      | 834 ||| SHOPLISTING amulet of faith (560 gold, have 18).
   834 | D:2      | 834 ||| SHOPLISTING amulet of reflection (420 gold, have
                  | 18).
   834 | D:2      | 834 ||| SHOPLISTING amulet of the acrobat (420 gold, have
                  | 18).
   834 | D:2      | 834 ||| SHOPLISTING ring "Uzxeqoy" {+Blink rN+ Will- Str+4
                  | Int+6} (817 gold, have 18).
   834 | D:2      | 834 ||| SHOPLISTING ring of poison resistance (280 gold,
                  | have 18).
   834 | D:2      | 834 ||| SHOPLISTING ring of resist corrosion (280 gold,
                  | have 18).
   851 | D:2      | Reached XP level 3. HP: 6/20 MP: 5/5
   982 | D:2      | Found Zemia's Armour Shoppe.
   991 | D:2      | 991 ||| SHOPLISTING +0 cloak (45 gold, have 18).
   991 | D:2      | 991 ||| SHOPLISTING +0 ring mail (40 gold, have 18).
   991 | D:2      | 991 ||| SHOPLISTING +1 leather armour "Osolea" {rF+ Str+4
                  | SInv} (336 gold, have 18).
   991 | D:2      | 991 ||| SHOPLISTING +2 scale mail of cold resistance (210
                  | gold, have 18).
  1021 | D:2      | Reached skill level 7 in Ranged Weapons
  1025 | D:2      | Found Etzaf's Antique Weapon Emporium.
  1312 | D:2      | 1312 ||| UPGRADING to +0 pair of gloves.
  1317 | D:2      | 1317 ||| READING 2 scrolls labelled POX JISIWNASTE.
  1318 | D:2      | 1318 ||| READING scroll labelled VOFFARPH KESHY.
  1319 | D:2      | 1319 ||| READING scroll labelled FISSENLETS.
  1319 | D:2      | 1319 ||| ENCHANTING +0 shortbow.
  1320 | D:2      | 1320 ||| DRINKING 2 green potions.
  1321 | D:2      | 1321 ||| DRINKING 2 fizzy pink potions.
  1322 | D:2      | 1322 ||| DRINKING 2 sedimented black potions.
  1323 | D:2      | 1323 ||| DROPPING scroll of noise.
  1350 | D:3      | Found Jurgh's Weapon Boutique.
  1380 | D:3      | 1380 ||| READING scroll labelled XEFISOUSIDD.
  1380 | D:3      | 1380 ||| IDENTIFYING coppery potion
  1506 | D:3      | Reached XP level 4. HP: 20/25 MP: 6/6
  2000 | D:3      | 2000 ||| FLEEEEING.
  2002 | D:3      | 2002 ||| FLEEEEING.
  2003 | D:3      | 2003 ||| FLEEEEING.
  2004 | D:3      | 2004 ||| FLEEEEING.
  2005 | D:3      | 2005 ||| FLEEEEING.
  2006 | D:3      | 2006 ||| FLEEEEING.
  2007 | D:3      | 2007 ||| FLEEEEING.
  2218 | D:3      | 2218 ||| UPGRADING to +5 ring of evasion.
  2219 | D:3      | 2219 ||| READING 2 scrolls labelled CEES TUM KISU.
  2224 | D:3      | 2224 ||| READING scroll labelled YLOWOJ AHEIX.
  2325 | D:3      | 2325 ||| READING scroll labelled CABUZA QUCO.
  2326 | D:3      | 2326 ||| READING scroll labelled KIJICLA WUCE.
  2326 | D:3      | 2326 ||| ENCHANTING +0 pair of gloves.
  2327 | D:3      | 2327 ||| READING scroll labelled OGEJUU UGRO.
  2328 | D:3      | 2328 ||| DROPPING potion of brilliance.
  2394 | D:4      | Reached skill level 8 in Ranged Weapons
  2454 | D:4      | Found Hairghak's Book Shop.
  2461 | D:4      | Reached XP level 5. HP: 29/29 MP: 7/7
  2535 | D:4      | Found a staircase to the Ecumenical Temple.
  2536 | D:4      | 2536 ||| PLANNING TEMPLE
  2536 | D:4      | 2536 ||| READING scroll of identify.
  2536 | D:4      | 2536 ||| IDENTIFYING glowing sapphire potion
  2549 | Temple   | Entered the Ecumenical Temple
  2550 | Temple   | 2550 ||| PLANNING OKAWARU WORSHIP
  2564 | Temple   | Became a worshipper of Warmaster Okawaru
  2565 | Temple   | 2565 ||| PLANNING D:1-11
  2810 | D:4      | 2810 ||| FLEEEEING.
  2811 | D:4      | 2811 ||| FLEEEEING.
  2812 | D:4      | 2812 ||| FLEEEEING.
  2813 | D:4      | 2813 ||| FLEEEEING.
  2817 | D:4      | 2817 ||| FLEEEEING.
  2818 | D:4      | 2818 ||| FLEEEEING.
  2819 | D:4      | 2819 ||| FLEEEEING.
  2820 | D:4      | 2820 ||| FLEEEEING.
  2821 | D:4      | 2821 ||| FLEEEEING.
  2822 | D:4      | 2822 ||| FLEEEEING.
  2823 | D:4      | 2823 ||| FLEEEEING.
  2824 | D:4      | 2824 ||| FLEEEEING.
  2825 | D:4      | 2825 ||| FLEEEEING.
  2826 | D:4      | 2826 ||| FLEEEEING.
  2827 | D:4      | 2827 ||| FLEEEEING.
  2828 | D:4      | 2828 ||| FLEEEEING.
  2829 | D:4      | 2829 ||| FLEEEEING.
  2830 | D:4      | 2830 ||| FLEEEEING.
  2831 | D:4      | 2831 ||| FLEEEEING.
  2832 | D:4      | 2832 ||| FLEEEEING.
  2833 | D:4      | 2833 ||| FLEEEEING.
  2888 | D:4      | Reached skill level 9 in Ranged Weapons
  3033 | D:4      | Reached skill level 3 in Dodging
  3220 | D:4      | 3220 ||| UPGRADING to +0 ring mail.
  3230 | D:4      | 3230 ||| DROPPING +0 leather armour.
  3268 | D:5      | Entered Level 5 of the Dungeon
  3269 | D:5      | 3269 ||| PLANNING OSSUARY
  3303 | D:5      | Noticed a moth of wrath
  3364 | D:5      | Reached XP level 6. HP: 26/35 MP: 8/8
  3403 | D:5      | Noticed a yak
  3404 | D:5      | 3404 ||| DRINKING 5 potions of haste.
  3415 | D:5      | Killed a yak
  3415 | D:5      | Reached * piety under Okawaru
  3416 | D:5      | Reached skill level 10 in Ranged Weapons
  3459 | D:5      | Noticed a yak
  3460 | D:5      | 3460 ||| INVOKING Heroism.
  3462 | D:5      | Noticed a yak
  3472 | D:5      | 3472 ||| INVOKING Heroism.
  3473 | D:5      | Killed a yak
  3474 | D:5      | Reached XP level 7. HP: 25/40 MP: 5/9
  3481 | D:5      | HP: 7/40 [yak (9)]
  3482 | D:5      | 3482 ||| READING scroll of teleportation.
  3483 | D:5      | 3483 ||| DRINKING potion of heal wounds.
  3516 | D:5      | 3516 ||| INVOKING Heroism.
  3519 | D:5      | Killed a yak
  3564 | D:5      | 3564 ||| READING scroll of enchant weapon.
  3564 | D:5      | 3564 ||| ENCHANTING +1 shortbow.
  3611 | D:5      | Found a sand-covered staircase.
  3612 | D:5      | 3612 ||| DROPPING ring of magical power.
  3613 | D:5      | 3613 ||| READING scroll of identify.
  3613 | D:5      | 3613 ||| IDENTIFYING sedimented inky potion
  3620 | D:5      | 3620 ||| DRINKING 2 white potions.
  3621 | D:5      | 3621 ||| DRINKING 3 golden potions.
  3622 | D:5      | 3622 ||| DROPPING potion of degeneration.
  3623 | D:5      | 3623 ||| DROPPING 2 potions of invisibility.
  3633 | Ossuary  | Entered an ossuary
  3783 | Ossuary  | Reached skill level 3 in Invocations
  3831 | Ossuary  | 3831 ||| READING 2 scrolls of identify.
  3831 | Ossuary  | 3831 ||| IDENTIFYING viscous clear potion
  3832 | Ossuary  | 3832 ||| READING scroll of identify.
  3832 | Ossuary  | 3832 ||| IDENTIFYING glowing cyan potion
  3833 | Ossuary  | 3833 ||| READING scroll labelled MOVUGYMYRGH.
  3833 | Ossuary  | 3833 ||| BRANDING +2 shortbow.
  3834 | Ossuary  | 3834 ||| READING scroll labelled FEP FOAXUSKEDIELL.
  3835 | Ossuary  | 3835 ||| DRINKING 3 fuming pink potions.
  3836 | Ossuary  | 3836 ||| DRINKING 2 sapphire potions.
  3880 | Ossuary  | 3880 ||| DRINKING 2 dark potions.
  3881 | Ossuary  | 3881 ||| DRINKING 2 viscous white potions.
  3881 | Ossuary  | Gained mutation: Your mind is acute. (Int +4, Str/Dex -1)
                  | [potion of mutation]
  3882 | Ossuary  | 3882 ||| DROPPING potion of berserk rage.
  3883 | Ossuary  | 3883 ||| DROPPING potion of lignification.
  3884 | Ossuary  | 3884 ||| DROPPING potion of ambrosia.
  3908 | D:5      | 3908 ||| PLANNING SEWER
  3928 | D:5      | 3928 ||| RIP SEWER
  3968 | D:5      | 3968 ||| PLANNING D:1-11
  3978 | D:5      | HP: 9/40 [burnt (4)]
  3979 | D:5      | HP: 4/40 [burnt (5)]
  3980 | D:5      | Incinerated by a bombardier beetle

Levels and vault maps discovered:
D:1:      dpeg_arrival_morbid_curiosity, layout_rooms,
          ebering_ecumenical_altar_mist, serial_shops,
          nicolae_shop_back_alley_shop, shop, shop
D:2:      layout_rooms, serial_corexii_hall, corexii_hall_statues_x,
          corexii_hall_statues_t, serial_shops, nicolae_shop_dealshenge,
          shop_fountains, nicolae_shop_back_alley_shop, nicolae_square_shop
D:3:      minmay_octagon_keep, layout_basic, serial_shops, shop,
          uniq_crazy_yiuf_cottage
D:4:      minmay_polygon_palace, layout_basic,
          minmay_temple_entry_drinking_statues, serial_shops,
          nicolae_shop_rolling_square, minmay_misc_feat_five,
          nicolae_houndstooth_variations
D:5:      layout_cave_pools, tgw_trog, portal_sewer_entry_f, enter_ossuary_3,
          kennysheep_nondescript, minmay_checkerbox, uniq_grinder
Temple:   cyrus_circular_temple

Skill      XL: |  1  2  3  4  5  6  7 |
---------------+----------------------+-----
Ranged Weapons | 6 7 8 9 10 | 10.9
Dodging        | 3 |  3.0
Fighting       | 2 |  2.1
Armour         | 2 |  2.2
Invocations    | 3 |  3.2
Stealth        | |  1.2

Action                     |  1- 3 |  4- 6 |  7- 9 || total
---------------------------+-------+-------+-------++-------
   Fire: Shortbow          |   107 |   172 |   100 ||   379
 Invoke: Heroism           |       |     2 |     1 ||     3
    Use: Scroll            |     4 |     6 |     7 ||    17
         Potion            |     3 |     1 |     7 ||    11
 Armour: Leather armour    |    10 |    13 |       ||    23
         Ring mail         |       |     8 |    23 ||    31
  Dodge: Dodged            |     4 |    40 |    42 ||    86

Table legend:
 A = Non-vault XP
 B = Vault XP
 C = Vault XP percentage of total XP
 D = Non-vault monster count
 E = Vault monster count
 F = Vault count percentage of total count
                 A         B        C        D         E       F
            +---------+---------+-------+---------+---------+-------
      Total |    1048 |     246 |  19.0 |      72 |      47 |  39.5
            +---------+---------+-------+---------+---------+-------
        D:1 |      26 |       8 |  23.5 |      16 |       5 |  23.8
        D:2 |      47 |       0 |   0.0 |      20 |       0 |   0.0
        D:3 |      24 |      30 |  55.6 |       8 |      13 |  61.9
        D:4 |     138 |      52 |  27.4 |      20 |      12 |  37.5
        D:5 |     813 |       1 |   0.1 |       8 |       1 |  11.1
    Ossuary |       0 |     155 | 100.0 |       0 |      16 | 100.0
            +---------+---------+-------+---------+---------+-------
